 Dungeon Sprint DCSS version 0.30-a0-719-gcc4359ea44 (webtiles) character file.

Game seed: 5398363375091565284

331 BigDaddyOpFi the Demonic Catastrophe (level 6, -9/53 HPs)
             Began as a Demonspawn Fighter on Jan 26, 2023.
             Was an Elder of Qazlal.
             Mangled by a polar bear (21 damage)
             ... in the Dungeon (Sprint VII: "The Pits").
             The game lasted 00:01:08 (560 turns).

BigDaddyOpFi the Demonic Catastrophe (DsFi)          Turns: 560, Time: 00:01:09

Health: -9/53      AC: 16    Str: 19    XL:     6   Next: 26%
Magic:  12/12      EV:  5    Int:  9    God:    Qazlal [****..]
Gold:   0          SH: 10    Dex: 12    Spells: 5/5 levels left

rFire   . . .      SeeInvis .    a - +0 war axe
rCold   . . .      Faith    .    c - +0 buckler
rNeg    . . .      Spirit   .    d - +2 plate armour
rPois   .          Reflect  .    (helmet restricted)
rElec   .          Harm     .    (no cloak)
rCorr   .          Rampage  .    (no gloves)
Will    .....      NoTele   +    (no boots) Stlth
                                 (no amulet)
HPRegen 0.28/turn                (no ring)
MPRegen 0.26/turn                (no ring)

@: repel missiles
A: antennae 1, thin metallic scales 1, powered by pain 1, magic regeneration
a: Renounce Religion, Upheaval, Elemental Force


You were in the Dungeon.
You worshipped Qazlal.
Qazlal was greatly pleased with you.
You visited 1 branch

Inventory:

Hand Weapons
 a - a +0 war axe (weapon)
Armour
 c - a +0 buckler (worn)
 d - a +2 plate armour (worn)
Scrolls
 j - a scroll of blinking
Potions
 e - 6 potions of curing
 f - 5 potions of heal wounds
 h - 4 potions of magic
 i - 3 potions of berserk rage
 k - 2 potions of invisibility


   Skills:
 + Level 6.5 Fighting
 + Level 5.6 Axes
 + Level 5.9 Armour
 + Level 6.0 Shields
 * Level 8.2 Invocations


You had 5 spell levels left.
You didn't know any spells.
Your spell library was empty.

Dungeon Overview and Level Annotations

Branches:
Dungeon (1/1)

Altars:
Ashenzari
Cheibriados
Dithmenos
Fedhas
Gozag
Hepliaklqana
Kikubaaqudgha
Makhleb
Nemelex Xobeh
Okawaru
Qazlal
Ru
Sif Muna
Trog
Uskayaw
Vehumet
Wu Jian
Xom
Yredelemnul
Jiyva
Lugonu


Innate Abilities, Weirdness & Mutations

You have a pair of small antennae on your head.
You are partially covered in thin metallic scales. (AC +2)
You sometimes gain a little power by taking damage.
You regenerate magic rapidly.


Message History

You block the polar bear's attack.
You slash the polar bear!
The polar bear is moderately wounded.
The polar bear bites you but does no damage.
You block the polar bear's attack.
The polar bear claws you but does no damage.
You hit the polar bear but do no damage.
The polar bear is moderately wounded.
You block the polar bear's attack. The polar bear claws you.
The polar bear claws you but does no damage.
You slash the polar bear!
The polar bear is severely wounded.
You block the polar bear's attack.
The polar bear claws you but does no damage. x2
The polar bear bites you!
The polar bear claws you but does no damage.
The polar bear claws you.
You hit the polar bear.
The polar bear is severely wounded.
The polar bear bites you.
The polar bear claws you but does no damage. x2
You hit the polar bear.
The polar bear is severely wounded.
The polar bear barely misses you. You block the polar bear's attack.
The polar bear claws you but does no damage.
You slash the polar bear!
The polar bear is almost dead.
The polar bear goes berserk!
You slash the polar bear!
The polar bear is almost dead.
The polar bear bites you but does no damage.
The polar bear claws you. x2
* * * LOW HITPOINT WARNING * * *
You block the polar bear's attack. The polar bear claws you.
* * * LOW HITPOINT WARNING * * *
The polar bear claws you but does no damage.
You hit the polar bear but do no damage.
The polar bear is almost dead.
The polar bear bites you!!
You die...

#.#..#.))).##.......#
#)###########.......#
#.......#{{ #########
#..#.#..# #.##.##.#
#.......#+#
#.##.##.#.+
#..#.#.°#h#{
#.......'@#{
###########


You could see a polar bear (berserk).

Vanquished Creatures
  A water moccasin (D)
  A wolf (D)
  A necrophage (D)
  A scorpion (D)
  A gnoll (D)
  An adder skeleton (D)
  A bat (D)
  2 bat skeletons (D)
  3 jackals (D)
  A quokka (D)
  2 ball pythons (D)
  A ball python skeleton (D)
  A frilled lizard (D)
  A kobold (D)
18 creatures vanquished.

Notes
Turn   | Place    | Note
-------+----------+-------------------------------------------
     0 | D        | BigDaddyOpFi the Demonspawn Fighter began the quest for the
                  | Orb.
     0 | D        | Reached XP level 1. HP: 18/18 MP: 1/1
    18 | D        | Found a bloodstained altar of Trog.
    18 | D        | Found a shimmering blue altar of Sif Muna.
    18 | D        | Found a viscous altar of Jiyva.
    18 | D        | Found a hazy altar of Hepliaklqana.
    18 | D        | Found an opulent altar of Gozag.
    19 | D        | Found a basalt altar of Yredelemnul.
    19 | D        | Found a shimmering altar of Xom.
    19 | D        | Found an ornate altar of the Wu Jian Council.
    19 | D        | Found a sacrificial altar of Ru.
    19 | D        | Found a stormy altar of Qazlal.
    19 | D        | Found an iron altar of Okawaru.
    19 | D        | Found a sparkling altar of Nemelex Xobeh.
    19 | D        | Found a burning altar of Makhleb.
    19 | D        | Found a blossoming altar of Fedhas.
    19 | D        | Found a shadowy altar of Dithmenos.
    19 | D        | Found a snail-covered altar of Cheibriados.
    20 | D        | Found a radiant altar of Vehumet.
    20 | D        | Found a corrupted altar of Lugonu.
    21 | D        | Found an ancient bone altar of Kikubaaqudgha.
    21 | D        | Found a hide-covered altar of Uskayaw.
    21 | D        | Found a broken altar of Ashenzari.
    24 | D        | Became a worshipper of Qazlal Stormbringer
    66 | D        | Noticed a scorpion
    76 | D        | Reached * piety under Qazlal
    78 | D        | Killed a scorpion
    79 | D        | Gained mutation: You are partially covered in thin metallic
                  | scales. (AC +2) [demonic ancestry]
    79 | D        | Reached XP level 2. HP: 26/26 MP: 2/2
    79 | D        | Reached XP level 3. HP: 31/31 MP: 3/3
   153 | D        | Noticed a necrophage
   156 | D        | Reached ** piety under Qazlal
   160 | D        | Reached skill level 1 in Invocations
   162 | D        | Killed a necrophage
   162 | D        | Reached *** piety under Qazlal
   163 | D        | Reached skill level 5 in Fighting
   163 | D        | Reached skill level 4 in Invocations
   163 | D        | Gained mutation: You have a pair of small antennae on your
                  | head. [demonic ancestry]
   163 | D        | Reached XP level 4. HP: 29/39 MP: 3/7
   283 | D        | Noticed a wolf
   285 | D        | Noticed a water moccasin
   300 | D        | Killed a wolf
   301 | D        | Reached skill level 5 in Axes
   301 | D        | Reached skill level 5 in Armour
   301 | D        | Reached skill level 5 in Shields
   301 | D        | Reached skill level 6 in Invocations
   301 | D        | Gained mutation: You regenerate magic rapidly. [demonic
                  | ancestry]
   301 | D        | Reached XP level 5. HP: 30/46 MP: 7/9
   306 | D        | Killed a water moccasin
   306 | D        | Reached **** piety under Qazlal
   307 | D        | Reached skill level 8 in Invocations
   307 | D        | Gained mutation: You sometimes gain a little power by
                  | taking damage. [demonic ancestry]
   307 | D        | Reached XP level 6. HP: 25/53 MP: 8/12
   546 | D        | Noticed a polar bear
   560 | D        | Mangled by a polar bear

Illustrated notes

Levels and vault maps discovered:
D:        pitsprint [storerooms_1, entrance_room_1, metal_vault_5, armoury_1,
          mini_pit_1, grid_room_1, main_hall_1, silver_pit, the_coven_1,
          the_vestibule_1, steel_vault_1, golden_pit, hallway_of_sentries,
          crystal_vault_1, iron_vault_1, final_vault]

Skill      XL: |  1  2  3  4  5  6 |
---------------+-------------------+-----
Axes           | 3 4 5 |  5.6
Armour         | 4 5 |  5.9
Shields        | 4 5 6 |  6.0
Fighting       | 4 5 6 |  6.5
Invocations    | 4 6 8 |  8.2

Action                     |  1- 3 |  4- 6 || total
---------------------------+-------+-------++-------
  Melee: War axe           |    29 |    43 ||    72
    Use: Potion            |     1 |     2 ||     3
 Armour: Scale mail        |    24 |       ||    24
         Plate armour      |       |    39 ||    39
  Dodge: Dodged            |    22 |     9 ||    31
  Block: Buckler           |    14 |    28 ||    42

Table legend: (Time is in decaauts)
 A = Elapsed time spent in this place.
 B = Non-inter-level travel time spent in this place.
 C = Inter-level travel time spent in this place.
 D = Time resting spent in this place.
 E = Time spent auto-exploring this place.
 F = Levels seen in this place.
 G = Mean time per level.
                   A        B        C        D        E       F      G
               +--------+--------+--------+--------+--------+-----+--------+
         Total |    564 |    542 |     22 |    330 |      0 |   1 |  564.0 |
       Dungeon |    564 |    542 |     22 |    330 |      0 |   1 |  564.0 |
               +--------+--------+--------+--------+--------+-----+--------+

Top non-repeatable levels by time:
       D: 564 daAuts
